[ AOE2 MATCH · #506140000 ]
UnrankedMaya vs Incas
Player's team · WIN
Rival team · LOSS
[ REPLAY ANALYSIS · EXTRACTED FROM THE RECORDED GAME ]
Feudal
11:24
Castle
21:23
Imperial
40:49
| APM avg | 82.1 |
| APM peak | 122 |
| eAPM avg | 30.2 |
| Villagers / military | 120 / 195 |
Focus
⚔️ 47.3% · 🌾 52.7%
Archer ×116 · Plumed Archer ×39 · Mangonel ×14 · Skirmisher ×11 · Monk ×7 · Trebuchet (Packed) ×4
Feudal
8:50
Castle
19:52
Imperial
41:51
| APM avg | 69.6 |
| APM peak | 103 |
| eAPM avg | 29.6 |
| Villagers / military | 138 / 81 |
Focus
⚔️ 46.2% · 🌾 53.8%
Unknown (2550) ×85 · Skirmisher ×57 · Mangonel ×12 · Archer ×7 · Trebuchet (Packed) ×2 · Monk ×1
Match map
Initial resources + every placement click. Lines = walls · curves = elevation contours. ◆ gold · ⬟ stone · ● berries · ✦ relic · ◌ wall gap
Your base· ✓ Closed at 21:23 · 37t walls · 1 gate(s)
CNZS_Donghaidi's base· Open — unwalled flank
Smoothed initial terrain · ◌ = detected wall gap · hover for details
Inputs per minute
— CNZS_MING - - CNZS_Donghaidi
Build order — CNZS_MING
First 150 of 465 actions detected
| 0:01 | Research | Loom |
| 0:02 | Build | House |
| 0:05 | Build | House |
| 0:23 | Queue | Villager (Male) |
| 0:23 | Queue | Villager (Male) |
| 0:27 | Queue | Villager (Male) |
| 1:23 | Queue | Villager (Male) |
| 1:46 | Build | Lumber Camp |
| 2:02 | Queue | Villager (Male) |
| 2:03 | Queue | Villager (Male) |
| 2:25 | Queue | Villager (Male) |
| 2:52 | Queue | Villager (Male) |
| 3:15 | Queue | Villager (Male) |
| 3:25 | Build | House |
| 3:46 | Queue | Villager (Male) |
| 3:47 | Queue | Villager (Male) |
| 3:56 | Build | House |
| 4:01 | Queue | Villager (Male) |
| 4:01 | Queue | Villager (Male) |
| 4:21 | Queue | Villager (Male) |
| 4:32 | Build | Barracks |
| 4:55 | Queue | Villager (Male) |
| 5:04 | Build | House |
| 5:22 | Queue | Villager (Male) |
| 5:25 | Queue | Militia |
| 5:30 | Queue | Villager (Male) |
| 5:34 | Build | Palisade Wall |
| 5:39 | Build | Palisade Wall |
| 5:47 | Queue | Militia |
| 5:49 | Queue | Militia |
| 6:00 | Queue | Villager (Male) |
| 6:08 | Build | Palisade Wall |
| 6:17 | Build | House |
| 6:23 | Build | Mill |
| 6:37 | Queue | Villager (Male) |
| 6:40 | Build | Palisade Wall |
| 6:42 | Build | Palisade Wall |
| 6:51 | Queue | Villager (Male) |
| 7:04 | Build | Palisade Wall |
| 7:18 | Build | Palisade Wall |
| 7:27 | Queue | Villager (Male) |
| 7:36 | Queue | Villager (Male) |
| 8:02 | Build | House |
| 8:05 | Build | Palisade Gate |
| 8:09 | Build | Palisade Wall |
| 8:09 | Build | Palisade Wall |
| 8:19 | Queue | Villager (Male) |
| 8:33 | Queue | Villager (Male) |
| 9:14 | Research | Feudal Age |
| 9:18 | Build | Palisade Wall |
| 9:29 | Build | Mining Camp |
| 10:04 | Build | Lumber Camp |
| 11:04 | Build | Farm |
| 11:10 | Queue | Villager (Male) |
| 11:24 | Age | Feudal Age |
| 11:35 | Build | Archery Range |
| 11:41 | Build | Archery Range |
| 11:43 | Research | Double-Bit Axe |
| 11:43 | Research | Double-Bit Axe |
| 11:44 | Queue | Villager (Male) |
| 11:59 | Queue | Villager (Male) |
| 12:02 | Build | Farm |
| 12:15 | Build | Farm |
| 12:19 | Build | Farm |
| 12:28 | Queue | Villager (Male) |
| 12:35 | Queue | Archer |
| 12:36 | Queue | Archer |
| 12:46 | Build | Blacksmith |
| 12:51 | Queue | Villager (Male) |
| 12:57 | Queue | Archer |
| 12:57 | Queue | Archer |
| 13:16 | Build | House |
| 13:17 | Queue | Archer |
| 13:18 | Queue | Archer |
| 13:25 | Build | Palisade Wall |
| 13:35 | Research | Fletching |
| 13:36 | Queue | Villager (Male) |
| 13:40 | Build | House |
| 13:46 | Build | Farm |
| 13:50 | Build | Farm |
| 13:55 | Queue | Villager (Male) |
| 14:00 | Build | Farm |
| 14:02 | Queue | Archer |
| 14:13 | Build | House |
| 14:17 | Build | House |
| 14:19 | Build | House |
| 14:25 | Queue | Villager (Male) |
| 14:26 | Build | Farm |
| 14:37 | Queue | Archer |
| 14:39 | Build | House |
| 14:40 | Queue | Skirmisher |
| 14:40 | Queue | Skirmisher |
| 14:56 | Queue | Villager (Male) |
| 14:58 | Queue | Skirmisher |
| 14:58 | Queue | Skirmisher |
| 15:04 | Queue | Skirmisher |
| 15:18 | Queue | Skirmisher |
| 15:21 | Queue | Villager (Male) |
| 15:32 | Research | Padded Archer Armor |
| 15:34 | Build | Farm |
| 15:35 | Build | Farm |
| 15:42 | Queue | Villager (Male) |
| 15:45 | Queue | Skirmisher |
| 15:59 | Queue | Villager (Male) |
| 16:06 | Queue | Skirmisher |
| 16:16 | Queue | Skirmisher |
| 16:19 | Queue | Villager (Male) |
| 16:24 | Queue | Skirmisher |
| 16:30 | Build | Farm |
| 16:32 | Build | Farm |
| 16:32 | Build | Farm |
| 16:36 | Queue | Villager (Male) |
| 17:01 | Queue | Skirmisher |
| 17:18 | Build | Market |
| 17:27 | Queue | Villager (Male) |
| 17:34 | Build | Farm |
| 17:55 | Queue | Villager (Male) |
| 18:20 | Queue | Archer |
| 18:25 | Queue | Villager (Male) |
| 18:37 | Queue | Archer |
| 18:43 | Research | Castle Age |
| 18:43 | Research | Castle Age |
| 18:58 | Research | Horse Collar |
| 19:03 | Queue | Archer |
| 19:08 | Queue | Archer |
| 19:16 | Build | Archery Range |
| 19:21 | Queue | Archer |
| 19:28 | Queue | Archer |
| 19:38 | Queue | Archer |
| 19:44 | Queue | Archer |
| 19:55 | Research | Gold Mining |
| 20:07 | Build | House |
| 20:08 | Build | House |
| 20:22 | Build | House |
| 20:31 | Queue | Archer |
| 20:55 | Queue | Archer |
| 20:58 | Queue | Archer |
| 21:23 | Age | Castle Age |
| 21:27 | Research | Crossbowman (upgrade) |
| 21:33 | Research | Bodkin Arrow |
| 21:33 | Research | Bodkin Arrow |
| 21:39 | Build | Siege Workshop |
| 21:46 | Queue | Archer |
| 21:48 | Queue | Villager (Male) |
| 22:02 | Queue | Archer |
| 22:02 | Queue | Archer |
| 22:05 | Queue | Villager (Male) |
| 22:08 | Queue | Mangonel |
| 22:12 | Build | University |
| 22:18 | Research | Bow Saw |
Build order — CNZS_Donghaidi
First 150 of 459 actions detected
| 0:00 | Queue | Villager (Male) |
| 0:00 | Queue | Villager (Male) |
| 0:01 | Queue | Villager (Male) |
| 0:02 | Build | House |
| 0:02 | Build | House |
| 0:11 | Queue | Villager (Male) |
| 1:27 | Queue | Villager (Male) |
| 1:59 | Queue | Villager (Male) |
| 1:59 | Queue | Villager (Male) |
| 2:10 | Queue | Villager (Male) |
| 2:10 | Queue | Villager (Male) |
| 2:28 | Build | Settlement |
| 2:49 | Queue | Villager (Male) |
| 2:50 | Queue | Villager (Male) |
| 3:21 | Queue | Villager (Male) |
| 3:48 | Queue | Villager (Male) |
| 3:48 | Queue | Villager (Male) |
| 4:15 | Queue | Villager (Male) |
| 4:46 | Queue | Villager (Male) |
| 5:19 | Queue | Villager (Male) |
| 5:37 | Build | Barracks |
| 5:47 | Queue | Villager (Male) |
| 5:47 | Research | Loom |
| 6:38 | Research | Feudal Age |
| 6:53 | Queue | Unit 2550 |
| 7:17 | Build | Settlement |
| 7:20 | Queue | Unit 2550 |
| 7:53 | Build | Palisade Wall |
| 7:53 | Build | Palisade Wall |
| 7:58 | Build | House |
| 7:59 | Build | Palisade Wall |
| 8:07 | Build | Palisade Wall |
| 8:10 | Queue | Unit 2550 |
| 8:12 | Build | Palisade Wall |
| 8:15 | Build | Palisade Wall |
| 8:28 | Queue | Villager (Male) |
| 8:50 | Age | Feudal Age |
| 8:53 | Research | Tech 1402 |
| 8:55 | Research | Double-Bit Axe |
| 9:14 | Queue | Villager (Male) |
| 9:23 | Queue | Villager (Male) |
| 9:23 | Queue | Villager (Male) |
| 9:39 | Build | Archery Range |
| 9:58 | Queue | Villager (Male) |
| 10:21 | Queue | Villager (Male) |
| 10:33 | Build | Settlement |
| 10:34 | Queue | Archer |
| 10:49 | Build | Farm |
| 10:54 | Queue | Villager (Male) |
| 11:00 | Build | Farm |
| 11:06 | Queue | Archer |
| 11:06 | Queue | Archer |
| 11:11 | Queue | Villager (Male) |
| 11:24 | Build | Farm |
| 11:35 | Queue | Villager (Male) |
| 11:38 | Queue | Archer |
| 11:49 | Queue | Villager (Male) |
| 11:49 | Queue | Villager (Male) |
| 11:55 | Build | Farm |
| 12:00 | Queue | Archer |
| 12:00 | Queue | Archer |
| 12:08 | Queue | Villager (Male) |
| 12:38 | Build | Blacksmith |
| 12:47 | Queue | Archer |
| 12:51 | Queue | Skirmisher |
| 12:53 | Queue | Villager (Male) |
| 13:01 | Build | Farm |
| 13:11 | Queue | Villager (Male) |
| 13:32 | Queue | Skirmisher |
| 13:36 | Build | Farm |
| 13:38 | Build | Farm |
| 13:42 | Research | Fletching |
| 13:44 | Queue | Villager (Male) |
| 13:52 | Queue | Skirmisher |
| 13:58 | Build | Farm |
| 13:59 | Build | Farm |
| 14:01 | Queue | Villager (Male) |
| 14:10 | Build | Farm |
| 14:17 | Queue | Villager (Male) |
| 14:24 | Queue | Skirmisher |
| 14:30 | Queue | Villager (Male) |
| 14:36 | Build | Palisade Wall |
| 14:36 | Build | Palisade Wall |
| 14:40 | Queue | Villager (Male) |
| 14:45 | Build | Palisade Wall |
| 14:47 | Queue | Skirmisher |
| 15:03 | Queue | Villager (Male) |
| 15:15 | Queue | Skirmisher |
| 15:33 | Build | Market |
| 15:35 | Build | Farm |
| 15:36 | Build | Farm |
| 15:56 | Queue | Skirmisher |
| 15:57 | Queue | Villager (Male) |
| 16:24 | Build | Farm |
| 16:26 | Build | Farm |
| 16:42 | Build | Farm |
| 16:47 | Queue | Villager (Male) |
| 17:10 | Research | Castle Age |
| 17:18 | Queue | Skirmisher |
| 17:25 | Queue | Unit 2550 |
| 17:58 | Queue | Spearman |
| 18:02 | Queue | Unit 2550 |
| 18:24 | Queue | Unit 2550 |
| 18:31 | Build | Barracks |
| 18:37 | Research | Horse Collar |
| 19:03 | Research | Scale Mail Armor |
| 19:18 | Queue | Unit 2550 |
| 19:27 | Queue | Villager (Male) |
| 19:44 | Queue | Skirmisher |
| 19:47 | Queue | Unit 2550 |
| 19:52 | Age | Castle Age |
| 19:56 | Build | Siege Workshop |
| 19:58 | Research | Tech 1351 |
| 20:06 | Queue | Skirmisher |
| 20:08 | Queue | Villager (Male) |
| 20:13 | Build | Farm |
| 20:17 | Research | Squires |
| 20:22 | Queue | Unit 2550 |
| 20:33 | Queue | Mangonel |
| 20:34 | Build | House |
| 20:38 | Queue | Unit 2550 |
| 20:41 | Queue | Skirmisher |
| 20:53 | Queue | Villager (Male) |
| 21:08 | Queue | Battering Ram |
| 21:13 | Queue | Unit 2550 |
| 21:15 | Build | House |
| 21:35 | Queue | Unit 2550 |
| 21:39 | Queue | Villager (Male) |
| 21:45 | Queue | Mangonel |
| 21:47 | Queue | Unit 2550 |
| 21:49 | Build | Farm |
| 21:49 | Build | Farm |
| 21:49 | Build | Farm |
| 21:54 | Build | Settlement |
| 21:57 | Queue | Unit 2550 |
| 22:00 | Queue | Unit 2550 |
| 22:02 | Queue | Villager (Male) |
| 22:07 | Build | House |
| 22:07 | Queue | Villager (Male) |
| 22:15 | Queue | Villager (Male) |
| 22:22 | Research | Chain Mail Armor |
| 22:36 | Queue | Unit 2550 |
| 22:36 | Queue | Unit 2550 |
| 22:48 | Queue | Villager (Male) |
| 22:51 | Queue | Unit 2550 |
| 22:51 | Queue | Villager (Male) |
| 22:55 | Queue | Unit 2550 |
| 22:55 | Queue | Unit 2550 |
| 23:09 | Queue | Villager (Male) |
| 23:11 | Build | House |
Match timeline
| 4:32 | CNZS_MING · first_building Barracks |
| 5:34 | CNZS_MING · wall_segment Palisade Wall x1 |
| 5:37 | CNZS_Donghaidi · first_building Barracks |
| 5:39 | CNZS_MING · wall_segment Palisade Wall x1 |
| 6:08 | CNZS_MING · wall_segment Palisade Wall x6 |
| 6:40 | CNZS_MING · wall_segment Palisade Wall x5 |
| 6:42 | CNZS_MING · wall_segment Palisade Wall x3 |
| 7:04 | CNZS_MING · wall_segment Palisade Wall x6 |
| 7:18 | CNZS_MING · wall_segment Palisade Wall x12 |
| 7:53 | CNZS_Donghaidi · wall_segment Palisade Wall x1 |
| 7:53 | CNZS_Donghaidi · wall_segment Palisade Wall x1 |
| 7:59 | CNZS_Donghaidi · wall_segment Palisade Wall x1 |
| 8:07 | CNZS_Donghaidi · wall_segment Palisade Wall x1 |
| 8:09 | CNZS_MING · wall_segment Palisade Wall x1 |
| 8:09 | CNZS_MING · wall_segment Palisade Wall x1 |
| 8:12 | CNZS_Donghaidi · wall_segment Palisade Wall x1 |
| 8:15 | CNZS_Donghaidi · wall_segment Palisade Wall x1 |
| 8:50 | CNZS_Donghaidi · age_up feudal |
| 9:18 | CNZS_MING · wall_segment Palisade Wall x1 |
| 9:39 | CNZS_Donghaidi · first_building Archery Range |
| 11:24 | CNZS_MING · age_up feudal |
| 11:35 | CNZS_MING · first_building Archery Range |
| 13:25 | CNZS_MING · wall_segment Palisade Wall x1 |
| 14:36 | CNZS_Donghaidi · wall_segment Palisade Wall x1 |
| 14:36 | CNZS_Donghaidi · wall_segment Palisade Wall x1 |
| 14:45 | CNZS_Donghaidi · wall_segment Palisade Wall x5 |
| 16:37 | CNZS_Donghaidi · first_market_sell 100 stone |
| 16:38 | CNZS_Donghaidi · first_market_buy 100 food |
| 18:25 | CNZS_MING · first_market_buy 100 food |
| 18:31 | CNZS_MING · first_market_sell 100 stone |
| 19:52 | CNZS_Donghaidi · age_up castle |
| 19:56 | CNZS_Donghaidi · first_building Siege Workshop |
| 21:23 | CNZS_MING · age_up castle |
| 21:39 | CNZS_MING · first_building Siege Workshop |
| 24:16 | CNZS_MING · first_building Monastery |
| 28:24 | CNZS_Donghaidi · first_building Monastery |
| 36:35 | CNZS_MING · first_building Castle |
| 36:42 | CNZS_Donghaidi · first_building Castle |
| 40:49 | CNZS_MING · age_up imperial |
| 41:51 | CNZS_Donghaidi · age_up imperial |
| 42:31 | CNZS_Donghaidi · wall_segment Stone Wall x5 |
| 42:38 | CNZS_Donghaidi · wall_segment Stone Wall x2 |
| 45:52 | CNZS_Donghaidi · resign |
[ AI ANALYSIS · 1 CREDIT ]
What really happened in this match?
Wolo.gg analyzes every decision: build order, eco, micro, common mistakes by bracket. Personalized analysis on WhatsApp or Discord in 30 seconds.
Civ guide
Maya
Perfil
Jugador #1966276